AoeStats
← Stubborn_Squire

Arabia

505336414Analyzed
1v1 RM · 24d ago on Sep 8, 2026· 25m 37s· 2 players
Game mode
Random Map
Map size
Tiny (2 player)
Population
200
Speed
Normal
Resources
Standard
Victory
Conquest
Starting age
Dark Age
Ending age
Imperial Age
RankedLock teamsTeams togetherTeam positionsShared explorationLock speedFull tech treeHidden civsTurbo modeCheats
Victory
Defeat
🇺🇸 Byzantines · United States
640
+17
🇨🇴 Teutons · Colombia
666
-17
Stubborn_Squire
5:48 Loom
11:11 Feudal Age
12:25 Double-Bit Axe
14:57 Horse Collar
16:00 Wheelbarrow
23:26 Castle Age
23:19 Scale Barding Armor
24:31 Forging
24:35 Heavy Plow
SirLex
14:17 Feudal Age
17:06 Wheelbarrow
16:20 Double-Bit Axe
17:01 Horse Collar
23:26 Castle Age
24:36 Bow Saw
Connection lost

Rejoining the realm…

Still unreachable

The connection could not be restored.

Session expired

The server has moved on; the page needs a fresh start.